 Dungeon Crawl Stone Soup version 0.20-a0-493-g19c8d8d (webtiles) character file.

249 AlphabetPasta the Gusty (level 6, -5/32 HPs)
             Began as a Gargoyle Air Elementalist on Jan 16, 2017.
             Killed from afar by a white imp (12 damage)
             ... with a puff of frost
             ... summoned by Eustachio
             ... on level 4 of the Dungeon.
             The game lasted 00:17:17 (4042 turns).

AlphabetPasta the Gusty (Gargoyle Air Elementalist) Turns: 4042, Time: 00:17:18

Health: -5/32      AC:  7    Str: 12    XL:     6   Next: 12%
Magic:  4/11       EV: 12    Int: 17    God:
Gold:   121        SH:  0    Dex: 10    Spells: 3/11 levels left

rFire    . . .     SeeInvis +   a - +2 dagger (elec)
rCold    . . .     Gourm    .   e - +0 robe
rNeg     + . .     Faith    .   (no shield)
rPois    ∞         Spirit   .   (no helmet)
rElec    +         Reflect  .   (no cloak)
rCorr    .         Harm     .   (no gloves)
MR       .....                  s - +0 pair of boots
Stlth    ++........             (no amulet)
Regen    0.1/turn               m - ring of see invisible
                                (no ring)

@: no status effects
A: negative energy resistance 1, electricity resistance, unbreathing,
petrification resistance, rot immunity, AC +4
a: no special abilities


You were on level 4 of the Dungeon.
You were hungry.

You visited 1 branch of the dungeon, and saw 4 of its levels.

You collected 121 gold pieces.

Inventory:

Hand Weapons
 a - a +2 dagger of electrocution (weapon)
 b - a +1 dagger of venom
Armour
 e - a +0 robe (worn)
 s - a +0 pair of boots (worn)
Jewellery
 m - a ring of see invisible (right hand)
Wands
 i - a wand of flame (14/48)
Scrolls
 g - a scroll of magic mapping
 l - a scroll of identify
 u - a scroll of recharging
Potions
 d - a potion of curing
 f - a potion of brilliance {unknown}
 h - a potion of resistance
 k - a potion of flight {unknown}
 q - 2 potions of ambrosia {unknown}
Books
 j - a book of Air

   Spells                             Type                      Level
   a - Shock                          Conjuration/Air              1
   b - Swiftness                      Charms/Air                   2
   c - Repel Missiles                 Charms/Air                   2
   d - Static Discharge               Conjuration/Air              3
   e - Lightning Bolt                 Conjuration/Air              5
 r - a book of Minor Magic

   Spells                             Type                      Level
   a - Magic Dart                     Conjuration                  1
   b - Blink                          Translocation                2
   c - Call Imp                       Summoning                    2
   d - Repel Missiles                 Charms/Air                   2
   e - Slow                           Hexes                        2
   f - Conjure Flame                  Conjuration/Fire             3
   g - Mephitic Cloud                 Conjuration/Poison/Air       3
Comestibles
 c - 2 bread rations
 o - 3 fruits
 p - a royal jelly
 t - a beef jerky


   Skills:
 - Level 1.5 Dodging
 - Level 2.1 Stealth
 + Level 3.3 Spellcasting
 + Level 2.6 Conjurations
 - Level 1.0 Charms
 * Level 4.2 Air Magic


You had 3 spell levels left.
You knew the following spells:

 Your Spells              Type           Power        Failure   Level  Hunger
a - Shock                 Conj/Air       ##..         4%          1    None
b - Repel Missiles        Chrm/Air       ##....       12%         2    ##.....
c - Swiftness             Chrm/Air       ##......     12%         2    ##.....
d - Static Discharge      Conj/Air       ##......     14%         3    ###....


Dungeon Overview and Level Annotations

Branches:
Dungeon (4/15)
 Temple: D:4-7

Altars:
Dithmenos
Qazlal

Annotations:
D:4 Eustachio


Innate Abilities, Weirdness & Mutations

You are resistant to torment.
Your stone body is resilient. (AC +4)
You are immune to poison.
You resist negative energy. (rN+)
You are resistant to electric shocks. (rElec)
You can survive without breathing.
You are immune to petrification.
You are immune to rotting.


Message History

The white imp hits you. The white imp freezes you.
The white imp closely misses you.
Casting: Shock
Confirm with . or Enter, or press ? or * to list all spells.
Aiming: Shock
Press: ? - help, Shift-Dir - straight line, f/p - Eustachio
Aim: Eustachio, wielding a falchion and wearing a leather armour (severely wounded)
The zap hits Eustachio.
Eustachio appears unharmed.
Eustachio is severely wounded.
The iron imp hits you.
* * * LOW HITPOINT WARNING * * *
The white imp closely misses you. The white imp hits you.
* * * LOW HITPOINT WARNING * * *
The white imp freezes you.
* * * LOW HITPOINT WARNING * * *
You feel better. The iron imp hits you.
* * * LOW HITPOINT WARNING * * *
The white imp gestures at you. The puff of frost hits you!
You die...

###.###.##########
... #....#
###.###.##.#
#.....##.#
###.####.#
#[..##.#
#######†##.#
......5.5..#
.######@####
.....r5.#
.######.. #@.#
#..## #..## ....#.
....#..


You could see Eustachio, an iron imp, 2 white imps and a quokka.

Vanquished Creatures
  2 scorpions (D:4)
  5 adders
  2 oozes
  An adder zombie (D:3)
  3 worms
  3 dart slugs
  7 leopard geckos
  An orc (D:3)
  10 bats
  2 giant cockroaches
  7 goblins
  8 hobgoblins
  4 jackals (D:3)
  2 quokkas
  4 frilled lizards
  8 kobolds
  6 rats
75 creatures vanquished.

Notes
Turn   | Place    | Note
-------+----------+-------------------------------------------
     0 | D:1      | AlphabetPasta the Gargoyle Air Elementalist began the quest for the Orb.
     0 | D:1      | Reached XP level 1. HP: 10/10 MP: 3/3
   187 | D:1      | Reached XP level 2. HP: 14/15 MP: 1/5
   406 | D:1      | Reached skill level 3 in Air Magic
   416 | D:1      | Learned a level 2 spell: Repel Missiles
   419 | D:1      | Learned a level 2 spell: Swiftness
   771 | D:1      | Reached XP level 3. HP: 19/19 MP: 3/6
  1316 | D:1      | Reached skill level 1 in Charms
  1754 | D:2      | Reached XP level 4. HP: 19/24 MP: 1/7
  1759 | D:2      | Learned a level 3 spell: Static Discharge
  2463 | D:2      | Found a stormy altar of Qazlal.
  2631 | D:2      | Found a faded altar of an unknown god.
  3030 | D:3      | Reached XP level 5. HP: 21/28 MP: 3/9
  3611 | D:3      | Found a shadowy altar of Dithmenos.
  3892 | D:4      | Reached skill level 4 in Air Magic
  3956 | D:4      | Reached XP level 6. HP: 25/32 MP: 3/11
  4026 | D:4      | Noticed Eustachio
  4042 | D:4      | Killed from afar by a white imp

Vault maps used:
D:1:      dpeg_arrival_solitude
D:2:      nicolae_qazlal_eye_of_the_storm, chequers_ecumenical_altar_island,
          first_bread
D:3:      lemuel_coloured_pillars_altar
D:4:      cheibrodos_ashenzari_chains, kennysheep_another_room, uniq_eustachio,
          uniq_sigmund

Skill      XL: |  1  2  3  4  5 |
---------------+----------------+-----
Air Magic      | 3 4 |  4.2
Charms         | 1 |  1.0
Conjurations   | 2 |  2.6
Spellcasting   | 3 |  3.3
Dodging        | |  1.5
Stealth        | |  2.1

Action                   |  1- 3 |  4- 6 || total
-------------------------+-------+-------++-------
Melee: Unarmed           |     8 |       ||     8
       Dagger            |     7 |    48 ||    55
 Cast: Shock             |    77 |   126 ||   203
       Repel Missiles    |     1 |     1 ||     2
  Use: Scroll            |     4 |     5 ||     9
       Potion            |       |     2 ||     2
  Eat: Chunk             |     3 |     6 ||     9
       Royal jelly       |       |     1 ||     1
Armor: Robe              |     7 |    32 ||    39
Dodge: Dodged            |    17 |    40 ||    57
       Deflected         |       |     2 ||     2
